 Dungeon Crawl Stone Soup version 0.22.1-1-ga44c0e56f4 (webtiles) character file.

533 Jynx the Changer (level 7, -3/43 HPs)
             Began as an Octopode Transmuter on Oct 25, 2018.
             Was an Initiate of Ashenzari.
             Killed by divine providence
             ... invoked by an orc priest
              (11 damage)
             ... on level 5 of the Dungeon.
             The game lasted 00:10:07 (6310 turns).

Jynx the Changer (Octopode Transmuter)              Turns: 6310, Time: 00:10:07

Health: -3/43      AC:  2    Str:  9    XL:     7   Next: 24%
Magic:  9/12       EV: 23    Int: 15    God:    Ashenzari [......]
Gold:   203        SH:  0    Dex: 20    Spells: 2/13 levels left

rFire    . . .     SeeInvis .     - Unarmed
rCold    . . .     Gourm    .   (shield currently unavailable)
rNeg     . . .     Faith    .   (helmet currently unavailable)
rPois    .         Spirit   .   (no amulet)
rElec    .         Reflect  .   t - ring of poison resistance (curse)
rCorr    .         Harm     .   (no ring)
MR       .....                  (no ring)
Stlth    ++........             (no ring)
HPRegen  0.14/turn              (no ring)
MPRegen  0.13/turn              (no ring)
                                (no ring)
                                (no ring)

@: about to teleport, spider-form (expiring)
A: tiny, almost no armour, stealthy swim, (amphibious), 8 rings, (constrict 8)
a: End Transformation, Curse Item, Renounce Religion


You were on level 5 of the Dungeon.
You worshipped Ashenzari.
Ashenzari was noncommittal.
You were not hungry.
You were a venomous arachnid creature.
You visited 1 branch of the dungeon, and saw 5 of its levels.

You collected 203 gold pieces.

Inventory:

Missiles
 a - 75 arrows
Jewellery
 t - a cursed ring of poison resistance (left front leg)
Wands
 o - a wand of flame (7)
Scrolls
 e - 4 scrolls of teleportation
 f - a scroll of immolation {unknown}
 g - 6 scrolls of identify
 j - 5 scrolls of magic mapping {unknown}
 k - a scroll of enchant weapon {unknown}
 m - a scroll of blinking {unknown}
 r - a scroll of enchant armour {unknown}
 s - a scroll of remove curse
Potions
 b - 2 potions of resistance
 h - 3 potions of curing
 i - 2 potions of heal wounds
 l - 2 potions of haste {unknown}
 n - a potion of mutation {unknown}
 p - a potion of degeneration {unknown}
 q - a potion of flight {unknown}
Comestibles
 c - 19 rations
 d - 2 chunks of flesh


   Skills:
 - Level 1.0 Fighting
 + Level 4.1 Dodging
 - Level 3.0 Unarmed Combat
 + Level 3.8 Spellcasting
 * Level 5.6 Transmutations


You had 2 spell levels left.
You knew the following spells:

 Your Spells              Type           Power        Failure   Level  Hunger
a - Beastly Appendage     Tmut           ###...       8%          1    None
b - Sticks to Snakes      Tmut           ###.....     10%         2    ##.....
c - Spider Form           Tmut/Pois      ##........   36%         3    ###....
d - Blade Hands           Tmut           ###.......   67%         5    ######.

Your spell library contained the following spells:

 Spells                   Type           Power        Failure   Level  Hunger
 Passwall                 Tmut/Erth      ##......     22%         2    ##.....
 Sandblast                Erth           #.....       38%         1    None
 Stone Arrow              Conj/Erth      #.....       71%         3    ###....
 Ice Form                 Ice/Tmut       ##......     71%         4    ####...
 Petrify                  Tmut/Erth      ##......     71%         4    ####...
 Lee's Rapid Deconstruct  Erth           #.........   100%        5    ######.


Dungeon Overview and Level Annotations

Branches:
Dungeon (5/15)
 Temple: D:4-7

Altars:
Ashenzari
Kikubaaqudgha
Makhleb
Okawaru
Sif Muna


Innate Abilities, Weirdness & Mutations

You cannot wear most types of armour.
You are very stealthy in the water. (Stealth+)
((You are amphibious.))
You can wear up to eight rings at the same time.
((You can use your tentacles to constrict eight enemies at once.))
((Your skin changes colour to match your surroundings (Stealth+).))
((Your rubbery body absorbs attacks. (AC +1, EV +1)))


Message History

You kill the orc wizard!
Things that are here:
an uncursed dagger; an uncursed robe; a steel tomahawk
Casting: Beastly Appendage (safe; 1% risk of failure)
Confirm with . or Enter, or press ? or * to list all spells.
Your tentacle spike disappears.
You turn into a venomous arachnid creature.
Your transformation is almost over.
Things that are here:
an uncursed dagger; an uncursed robe; a steel tomahawk The orc priest looks braver for a moment.
The orc hits you with a club.
* * * LOW HITPOINT WARNING * * *
You see here 3 steel tomahawks.
You barely miss the orc. The orc misses you.
As you read the scroll labeled DONIUGG QUAMA, it crumbles to dust.
You feel strangely unstable.
It was a scroll of teleportation.
The orc priest invokes the aid of Beogh against you.
Beogh smites you!
You die...

#<.....# #.#(# ##......#
#.#.# ........# #.#o#
..###.#.######.#.# ..#
#.#.#....#.#.# ..#
#.#.#....#.#.# ..#
#.#........#.#
.[###.###....#.#o#
#.....#.##.....#s#
##....#.##.###.#)#
#....#.##.# #.#.#
#..).#.##.# #.#.#
##....#.##.# #.#.#
......#.##.# #.#.########
##....#.##.# #.#.#......#
#.....#.##.# #.#.#.####.#
#.#####.##.###.#.#.#..#.#


You could see an orc priest and an orc.

Vanquished Creatures
  A sky beast (D:5)
  A phantom (D:4)
  An ogre (D:3)
  A howler monkey (D:4)
  A hound (D:5)
  An orc wizard (D:5)
  6 adders
  A shadow imp (D:5)
  An adder skeleton (D:2)
  An adder zombie (D:5)
  2 worms (D:2)
  2 dart slugs
  4 leopard geckos
  2 orcs
  4 ball pythons
  8 bats
  3 giant cockroaches
  16 goblins
  4 hobgoblins
  5 jackals
  3 quokkas
  4 frilled lizards
  7 kobolds
  8 rats
87 creatures vanquished.

Notes
Turn   | Place    | Note
-------+----------+-------------------------------------------
     0 | D:1      | Jynx the Octopode Transmuter began the quest for the Orb.
     0 | D:1      | Reached XP level 1. HP: 13/13 MP: 3/3
   272 | D:1      | Reached XP level 2. HP: 18/18 MP: 3/5
   710 | D:1      | Reached XP level 3. HP: 18/23 MP: 4/6
  1419 | D:2      | Reached skill level 3 in Transmutations
  1681 | D:1      | Learned a level 2 spell: Sticks to Snakes
  1685 | D:1      | Learned a level 3 spell: Spider Form
  1831 | D:2      | Reached XP level 4. HP: 16/28 MP: 5/7
  2902 | D:2      | Found an iron altar of Okawaru.
  3767 | D:3      | Noticed an ogre
  4004 | D:3      | Reached XP level 5. HP: 33/33 MP: 7/9
  4168 | D:3      | Killed an ogre
  4168 | D:3      | Reached skill level 4 in Transmutations
  4499 | D:4      | Reached XP level 6. HP: 21/38 MP: 8/10
  4726 | D:4      | Found a shattered altar of Ashenzari.
  4735 | D:4      | Became a worshipper of Ashenzari the Shackled
  4846 | D:4      | Found an ancient bone altar of Kikubaaqudgha.
  4866 | D:4      | Found a burning altar of Makhleb.
  5158 | D:4      | Noticed a phantom
  5222 | D:3      | Learned a level 5 spell: Blade Hands
  5251 | D:4      | Killed a phantom
  5251 | D:4      | Reached skill level 5 in Transmutations
  5609 | D:5      | Entered Level 5 of the Dungeon
  5636 | D:5      | Noticed a sky beast
  5649 | D:5      | Killed a sky beast
  5649 | D:5      | Reached XP level 7. HP: 21/43 MP: 9/12
  6204 | D:5      | Found a deep blue altar of Sif Muna.
  6310 | D:5      | Killed from afar by an orc priest

Skill      XL: |  1  2  3  4  5  6 |
---------------+-------------------+-----
Transmutations | 3 4 5 |  5.6
Dodging        | 3 4 |  4.1
Spellcasting   | 3 |  3.8
Fighting       | |  1.0
Unarmed Combat | |  3.0

Action                   |  1- 3 |  4- 6 |  7- 9 || total
-------------------------+-------+-------+-------++-------
Melee: Unarmed           |    77 |   125 |    23 ||   225
       Constrict         |    25 |    32 |     6 ||    63
       Kick              |    14 |    22 |    10 ||    46
       Tentacles         |    12 |    13 |     1 ||    26
       Punch             |     1 |     2 |     2 ||     5
 Cast: Beastly Appendage |    17 |    25 |     5 ||    47
       Spider Form       |       |     4 |     1 ||     5
       Blade Hands       |       |     1 |       ||     1
Invok: Curse Item        |       |     1 |       ||     1
  Use: Scroll            |       |     1 |     2 ||     3
       Potion            |       |     1 |       ||     1
 Stab: Sleeping          |     1 |     7 |     1 ||     9
  Eat: Chunk             |     2 |    14 |     2 ||    18
Armor: Skin              |     5 |     8 |       ||    13
Dodge: Dodged            |    60 |    78 |    19 ||   157
